Map: Data-C

Players

Timorus

  • Race: Terran Terran
  • Spawn Location: 9:00

Azure - Winner!

  • Race: Terran Terran
  • Spawn Location: 3:00

Event: DreamHack SC2 Masters 2022 Atlanta (Offline)

VOD

Have the link to the VOD?

Description

Time

  • Played on: Nov. 18, 2022, 2:01 p.m.
  • Length: 12:25

All games in this series

Show
View Real Time Build Order
Export as new Build Order

Timorus Terran 

Build Orders:  

Get SALT Encoding   

  12  0:00  SCV  
  13  0:12  SCV  
  14  0:17  Supply Depot  
  14  0:24  SCV  
  15  0:38  SCV  
  15  0:39  Barracks  
  16  0:43  Refinery  
  16  0:50  SCV  
  16  0:52  Refinery  
  17  1:02  SCV  
  18  1:14  SCV  
  19  1:26  Reaper  
  19  1:28  Orbital Command  
  19  1:31  Supply Depot  
  20  1:41  Factory  
  21  1:54  SCV  
  21  1:58  Barracks Reactor  
  21  2:06  SCV  
  22  2:18  SCV  
  23  2:23  Command Center  
  23  2:27  Hellion  
  25  2:32  SCV  
  25  2:35  Reaper x2  
  28  2:41  Supply Depot  
  28  2:44  SCV  
  28  2:49  Hellion  
  31  3:01  Starport  
  31  3:02  SCV  
  32  3:07  Reaper x2  
  34  3:14  SCV  
  34  3:15  Hellion  
  37  3:26  Refinery, SCV  
  38  3:34  Orbital Command  
  38  3:36  Factory Tech Lab  
  38  3:37  Starport Tech Lab  
  38  3:39  Marine  
  38  3:40  Marine  
  40  3:47  SCV  
  41  3:54  Cyclone  
  44  3:57  Marine x2  
  44  4:00  SCV  
  43  4:05  Raven  
  43  4:06  SCV  
  44  4:14  Marine  
  44  4:15  Marine  
  46  4:22  SCV  
  45  4:26  SCV  
  46  4:34  SCV, Marine  
  46  4:35  Siege Tank, Marine  
  52  4:42  SCV  
  53  4:46  SCV  
  53  4:55  SCV  
  53  4:59  SCV  
  54  5:02  Supply Depot x2  
  54  5:10  SCV, Marine x2  
  54  5:12  SCV, Raven, Siege Tank  
  60  5:22  SCV  
  60  5:24  SCV  
  61  5:29  Marine  
  61  5:30  Marine  
  61  5:35  SCV  
  64  5:36  SCV  
  65  5:44  Command Center, Siege Tank  
  65  5:47  SCV  
  65  5:48  Supply Depot, SCV  
  70  5:59  SCV  
  70  6:00  SCV  
  70  6:04  Marine  
  70  6:06  Viking  
  70  6:07  Viking  
  70  6:11  SCV  
  75  6:12  SCV  
  75  6:20  Siege Tank  
  75  6:22  Stimpack, Marine  
  75  6:23  SCV  
  75  6:25  SCV  
  81  6:26  Supply Depot  
  81  6:27  Refinery  
  81  6:35  SCV  
  81  6:36  Viking  
  81  6:38  Viking  
  86  6:47  Marine  
  86  6:48  SCV  
  86  6:50  Supply Depot  
  86  6:51  SCV  
  86  6:53  Barracks  
  89  6:55  Barracks, Siege Tank  
  89  6:59  Supply Depot  
  90  7:05  Marine  
  90  7:08  SCV  
  92  7:11  Viking x2, SCV  
  92  7:14  Orbital Command  
  97  7:20  SCV  
  93  7:24  Marine  
  93  7:27  SCV  
  95  7:32  SCV, Siege Tank  
  95  7:36  Engineering Bay, Supply Depot  
  99  7:37  Engineering Bay  
  99  7:39  SCV  
  99  7:42  Orbital Command  
  100  7:44  SCV  
  100  7:48  Barracks Reactor x2  
  100  7:49  Marine  
  106  7:51  SCV  
  106  7:52  Medivac x2  
  106  7:56  SCV, Barracks  
  106  7:57  Barracks  
  108  8:03  SCV  
  108  8:05  Refinery  
  109  8:06  Refinery  
  109  8:07  SCV  
  109  8:08  SCV  
  111  8:14  Siege Tank, Marine  
  111  8:15  SCV  
  111  8:19  SCV  
  117  8:20  SCV  
  117  8:24  Marine  
  117  8:26  Marine  
  119  8:27  SCV  
  119  8:32  SCV  
  119  8:33  Marine  
  122  8:36  Viking x2  
  122  8:38  SCV  
  122  8:39  Sensor Tower  
  125  8:42  SCV  
  125  8:44  Marine x2  
  125  8:45  Barracks Reactor x2  
  125  8:47  SCV, Command Center  
  129  8:50  Marine  
  129  8:52  Siege Tank  
  129  8:54  Factory  
  129  8:55  Marine  
  133  8:56  Combat Shield  
  133  9:02  SCV  
  133  9:09  Terran Infantry Weapons Level 1  
  133  9:13  Supply Depot  
  133  9:14  Supply Depot, Terran Infantry Armor Level 1  
  133  9:15  Supply Depot  
  133  9:33  Viking, Marine x6, SCV  
  133  9:34  Marine x3  
  133  9:35  SCV x2, Siege Tank  
  149  9:45  SCV  
  149  9:47  SCV, Factory Tech Lab  
  149  9:51  Marine x3  
  149  9:52  Marine x3  
  157  9:57  Marine  
  157  9:58  Starport, Marine  
  157  9:59  Starport  
  162  10:07  Siege Tank, Marine  
  162  10:09  Siege Tank  
  162  10:12  Refinery, Sensor Tower  
  162  10:13  Refinery, Marine x4  
  170  10:15  Viking x2  
  170  10:20  Missile Turret, Marine  
  173  10:26  Marine  
  173  10:27  Barracks Reactor, SCV  
  174  10:31  Marine  
  174  10:34  Marine  
  133  10:58  Marine  
  133  11:00  Marine  
  133  11:01  Marine x3  
  133  11:02  Viking x2, Siege Tank x2  
  126  11:05  Marine  
  126  11:07  SCV x2  
  126  11:08  Planetary Fortress  
  126  11:09  Marine  
  126  11:10  Starport Tech Lab x2  
  127  11:15  SCV  
  127  11:17  Marine  
  127  11:18  Command Center  
  127  11:22  SCV  
  126  11:28  SCV x2  
  126  11:30  Marine x5  
  126  11:31  Marine  
  134  11:34  Armory  
  134  11:37  Marine x2  
  134  11:38  Siege Tank x2  
  139  11:40  Marine  
  139  11:43  Viking x2  
  142  11:48  SCV x2  
  142  11:49  SCV  
  142  11:53  Marine  
  144  11:58  Marine x3  
  144  11:59  Marine  
  146  12:01  SCV  
  146  12:05  SCV  
  145  12:13  SCV  
Show
View Real Time Build Order
Export as new Build Order

Azure Terran - Winner!

Build Orders:  

Get SALT Encoding   

  12  0:00  SCV  
  13  0:12  SCV  
  14  0:17  Supply Depot  
  14  0:24  SCV  
  15  0:38  SCV  
  15  0:40  Barracks  
  16  0:44  Refinery  
  16  0:50  SCV  
  16  0:53  Refinery  
  17  1:02  SCV  
  18  1:14  SCV  
  19  1:27  Reaper  
  19  1:28  Orbital Command  
  19  1:32  Supply Depot  
  20  1:43  Factory  
  20  1:53  SCV  
  21  1:59  Barracks Reactor  
  21  2:05  SCV  
  22  2:18  SCV  
  22  2:20  Command Center  
  23  2:30  SCV  
  23  2:32  Hellion  
  23  2:36  Reaper x2  
  28  2:39  Supply Depot  
  28  2:42  SCV  
  29  2:53  Hellion  
  31  3:01  SCV  
  32  3:08  Reaper x2  
  34  3:13  SCV  
  34  3:14  Starport  
  34  3:16  Hellion  
  37  3:25  SCV  
  38  3:33  Orbital Command  
  38  3:37  SCV  
  38  3:38  Refinery  
  38  3:39  Factory Tech Lab  
  38  3:40  Marine x2  
  41  3:49  SCV  
  42  3:57  Starport Tech Lab  
  42  3:58  Cyclone  
  42  4:02  SCV  
  46  4:05  Marine x2  
  48  4:11  SCV  
  48  4:14  SCV  
  48  4:15  Supply Depot  
  50  4:17  Raven  
  50  4:23  Marine x2  
  47  4:33  Siege Tank  
  47  4:34  SCV  
  47  4:35  SCV  
  52  4:40  Marine  
  52  4:41  Marine  
  54  4:46  SCV  
  54  4:47  SCV  
  54  4:48  Supply Depot  
  56  4:58  Marine  
  56  4:59  SCV  
  58  5:01  SCV  
  58  5:06  Marine  
  60  5:11  SCV  
  60  5:13  SCV  
  60  5:16  Marine  
  60  5:19  Siege Tank, Raven  
  64  5:24  Command Center, Marine  
  64  5:28  SCV x2  
  65  5:31  Refinery  
  65  5:34  Marine  
  66  5:40  Supply Depot x2, SCV x2  
  66  5:42  Marine  
  69  5:52  SCV  
  69  5:54  Supply Depot  
  70  6:01  SCV, Siege Tank  
  74  6:04  SCV  
  74  6:13  SCV  
  74  6:16  SCV  
  76  6:21  Barracks  
  76  6:24  Engineering Bay, Barracks  
  76  6:25  SCV  
  76  6:27  Engineering Bay  
  76  6:28  SCV  
  76  6:30  Viking  
  76  6:31  Viking  
  76  6:32  Stimpack  
  82  6:33  Marine  
  82  6:34  Siege Tank  
  86  6:40  SCV  
  86  6:44  SCV  
  88  6:47  Orbital Command  
  88  6:52  SCV  
  89  6:54  Marine  
  89  6:56  SCV  
  89  7:00  Viking  
  89  7:01  Viking  
  95  7:04  SCV  
  96  7:10  SCV  
  96  7:12  Marine  
  98  7:19  Barracks Reactor  
  98  7:20  Barracks Reactor, Siege Tank  
  98  7:21  SCV x2  
  103  7:27  Terran Infantry Weapons Level 1  
  103  7:30  Supply Depot, Viking x2  
  103  7:31  Supply Depot  
  103  7:35  Marine  
  108  7:37  Terran Infantry Armor Level 1  
  108  7:43  Barracks, SCV  
  109  7:48  Barracks  
  109  7:51  SCV, Orbital Command  
  109  7:57  Siege Tank, Marine x2  
  109  7:58  Marine x3  
  118  8:00  Viking x2  
  118  8:01  SCV  
  118  8:05  Refinery  
  123  8:08  SCV, Refinery  
  123  8:12  Combat Shield  
  123  8:13  SCV  
  123  8:14  Marine  
  125  8:22  Supply Depot  
  125  8:23  Supply Depot x2  
  125  8:32  Barracks Reactor  
  125  8:36  Barracks Reactor  
  125  8:38  Supply Depot  
  125  8:42  Supply Depot x2  
  125  8:44  SCV x3, Marine x5  
  125  8:47  Siege Tank  
  136  8:51  Viking x2  
  140  8:56  SCV x2  
  140  8:59  SCV  
  140  9:01  Marine x3  
  146  9:04  Factory, Marine x2  
  146  9:05  Armory  
  148  9:11  Marine  
  148  9:12  SCV x2  
  148  9:16  Supply Depot x2  
  151  9:17  Supply Depot  
  151  9:18  Marine x3  
  151  9:19  Siege Tank  
  151  9:21  Marine  
  151  9:22  Marine x2  
  160  9:30  Marine  
  162  9:35  Viking x2  
  166  9:40  Command Center  
  162  9:50  Factory Tech Lab  
  162  9:52  Terran Infantry Weapons Level 2  
  162  9:54  Terran Infantry Armor Level 2  
  162  10:04  Siege Tank, Marine x3  
  162  10:05  Medivac x2, Marine x3  
  162  10:06  Marine  
  176  10:20  Marine x2  
  178  10:24  Siege Tank  
  181  10:28  Marine x2  
  181  10:32  Marine x4  
  181  10:35  Viking x2  
  191  10:36  Sensor Tower, Siege Tank  
  192  10:54  Marine x2  
  159  10:57  Siege Tank  
  159  11:01  Marine  
  159  11:02  Marine x6  
  160  11:05  Viking x2  
  160  11:08  Siege Tank, Planetary Fortress  
  167  11:12  Marine x2  
  169  11:19  Marine x3  
  169  11:20  Marine  
  173  11:27  Marine x3  
  173  11:29  Siege Tank  
  173  11:30  Marine x2  
  181  11:40  Viking x2, Siege Tank  
  181  11:41  Marine x4  
  181  11:45  Marine  
  183  12:03  Marine x3  
  183  12:05  Marine x2  
Tags
 
Add a new tag
Caveats
  • Supply blocks, unpowered buildings, or Contaminate may cause inaccurate times.
  • Supply counts are checked every 10 seconds.